 Dungeon Crawl Stone Soup version 0.20.0-7-g3b7b877 (webtiles) character file.

358 skittles the Firebug (level 6, -11/50 HPs)
             Began as a Draconian Fire Elementalist on May 29, 2017.
             Killed by nerve-wracking pain
             ... invoked by an orc priest
              (14 damage)
             ... on level 4 of the Dungeon.
             The game lasted 00:12:51 (4177 turns).

skittles the Firebug (Draconian Fire Elementalist)  Turns: 4177, Time: 00:12:52

Health: -11/50     AC:  8    Str: 12    XL:     6   Next: 37%
Magic:  5/9        EV: 13    Int: 17    God:
Gold:   229        SH:  0    Dex: 12    Spells: 1/9 levels left

rFire    . . .     SeeInvis .   v - +0 trident
rCold    . . .     Gourm    .   (no shield)
rNeg     . . .     Faith    .   (armour unavailable)
rPois    .         Spirit   .   (helmet restricted)
rElec    .         Reflect  .   (no cloak)
rCorr    .         Harm     .   i - +1 pair of gloves
MR       .....                  (no boots)
Stlth    ++........             (no amulet)
Regen    0.2/turn               n - +2 ring of strength
MPRegen  0.2/turn               (no ring)

@: very slightly contaminated
A: unfitting armour, cold-blooded, AC +6
a: no special abilities


You were on level 4 of the Dungeon.
You were very hungry.

You visited 1 branch of the dungeon, and saw 4 of its levels.

You collected 229 gold pieces.

Inventory:

Hand Weapons
 l - a +0 dagger of venom
 v - a +0 trident (weapon)
 w - a +1 falchion of slicing
Armour
 i - a +1 pair of gloves (worn)
Jewellery
 n - a +2 ring of strength (left hand)
Scrolls
 e - a scroll of teleportation
 h - a scroll of enchant weapon {unknown}
 j - a scroll of fear
 m - a scroll of amnesia {unknown}
 p - 3 scrolls of remove curse
 r - a scroll of noise {unknown}
 s - a scroll of fog
Potions
 g - a potion of flight
 o - a potion of agility
 q - a potion of invisibility
 t - a potion of magic
 u - a potion of might
 x - a potion of lignification {unknown}
Books
 a - a book of Flames

   Spells                             Type                      Level
   a - Flame Tongue                   Conjuration/Fire             1
   b - Throw Flame                    Conjuration/Fire             2
   c - Conjure Flame                  Conjuration/Fire             3
   d - Inner Flame                    Hexes/Fire                   3
   e - Sticky Flame                   Conjuration/Fire             4
   f - Fireball                       Conjuration/Fire             5
Comestibles
 b - 5 bread rations
 c - 2 fruits
 f - 2 royal jellies
 k - a meat ration


   Skills:
 + Level 2.9 Fighting
 + Level 2.4 Polearms
 + Level 3.5 Dodging
 - Level 1.7 Stealth
 - Level 2.0 Spellcasting
 + Level 2.9 Conjurations
 + Level 3.8 Fire Magic


You had one spell level left.
You knew the following spells:

 Your Spells              Type           Power        Failure   Level  Hunger
a - Flame Tongue          Conj/Fire      ##...        4%          1    #......
b - Conjure Flame         Conj/Fire      ##......     14%         3    ###....
c - Sticky Flame          Conj/Fire      ##......     43%         4    #####..


Dungeon Overview and Level Annotations

Branches:
Dungeon (4/15)
 Temple: D:4-7

Altars:

Annotations:
D:2 Sigmund
D:4 Edmund


Innate Abilities, Weirdness & Mutations

Your plain brown scales are hard. (AC +6)
You cannot fit into any form of body armour.
You are cold-blooded and may be slowed by cold attacks.


Message History

Casting: Flame Tongue
Confirm with . or Enter, or press ? or * to list all spells.
Aiming: Sticky Flame
Press: ? - help, Shift-Dir - straight line, f - orc wizard
Aim: an orc wizard, wielding a dagger and wearing a robe (heavily wounded, fast)
You miscast Sticky Flame.
You are very lightly contaminated with residual magic.
Strange energies run through your body.
You are feeling very hungry.
The orc wizard hits you but does no damage.
The orc priest mumbles some strange prayers to Beogh against you.
Beogh smites you!
* * * LOW HITPOINT WARNING * * *
The orc wizard gestures wildly while chanting.
The orc wizard blinks!
The orc wizard casts a spell at you. You resist with some effort.
The orc priest invokes the aid of Beogh against you.
Pain shoots through your body!
You die...

## #.## #..........# .#####
#..# #..........# ..#..#
##.# #..........# #.#.##
#.## #......@...#
#...#######..# #......o...#
##........##.#########o#.##
#.######....)...# #.#.###
##.# #........# #.....#
#..# #.......@#####.....#
#.### #......o...ยง.oo..(.#
....## #..................#
.....##
#........##........#
......#
#........###########
......# #.)......# ......#
########## ......# ......#


You could see an orc priest, an orc wizard and an orc.

Vanquished Creatures
  A howler monkey (D:4)
  An orc priest (D:4)
  2 orc wizards
  Jessica (D:2)
  An iguana (D:4)
  A worker ant (D:4)
  Robin (D:3)
  4 adders
  An adder skeleton (D:4)
  4 worms
  A dart slug (D:2)
  5 orcs
  A ball python (D:3)
  9 bats
  3 giant cockroaches
  18 goblins
  11 hobgoblins
  8 jackals
  10 kobolds
  A quokka (D:4)
  2 frilled lizards
  5 rats
91 creatures vanquished.

Notes
Turn   | Place    | Note
-------+----------+-------------------------------------------
     0 | D:1      | skittles the Draconian Fire Elementalist began the quest for the Orb.
     0 | D:1      | Reached XP level 1. HP: 14/14 MP: 3/3
   362 | D:1      | Reached XP level 2. HP: 16/22 MP: 1/5
   517 | D:1      | Reached skill level 1 in Fighting
  1356 | D:2      | Noticed Sigmund
  1550 | D:2      | Reached XP level 3. HP: 28/28 MP: 3/6
  2297 | D:2      | Noticed Jessica
  2305 | D:2      | Killed Jessica
  2305 | D:2      | Reached XP level 4. HP: 33/36 MP: 3/7
  2546 | D:2      | Learned a level 3 spell: Conjure Flame
  2647 | D:3      | Reached skill level 1 in Polearms
  2889 | D:3      | Noticed Robin
  2917 | D:3      | Killed Robin
  2917 | D:3      | Reached XP level 5. HP: 34/41 MP: 3/8
  3710 | D:4      | Learned a level 4 spell: Sticky Flame
  3883 | D:4      | Reached XP level 6. HP: 33/50 MP: 0/9
  4072 | D:4      | Noticed Edmund
  4177 | D:4      | Killed from afar by an orc priest

Skill      XL: |  1  2  3  4  5 |
---------------+----------------+-----
Dodging        | 2 3 |  3.5
Fighting       | 1 2 |  2.9
Polearms       | 1 2 |  2.4
Conjurations   | 2 |  2.9
Stealth        | |  1.7
Spellcasting   | |  2.0
Fire Magic     | |  3.8

Action                   |  1- 3 |  4- 6 || total
-------------------------+-------+-------++-------
Melee: Dagger            |    78 |       ||    78
       Unarmed           |     3 |     1 ||     4
       Tailslap          |     9 |    14 ||    23
       Spear             |    15 |   133 ||   148
       Trident           |       |    54 ||    54
 Cast: Flame Tongue      |    29 |    62 ||    91
       Conjure Flame     |       |     3 ||     3
  Use: Scroll            |     6 |     6 ||    12
 Stab: Sleeping          |     5 |     8 ||    13
       Distracted        |     1 |       ||     1
  Eat: Chunk             |     5 |     6 ||    11
       Fruit             |       |     1 ||     1
Armor: Skin              |    42 |    56 ||    98
Dodge: Dodged            |    91 |   121 ||   212
